 Dungeon Crawl Stone Soup version 0.26-a0-808-g930a2b7adc (webtiles) character file.

Game seed: 16605042191767722010

2737 Kinoniko the Basher (level 9, -2/105 HPs)
             Began as a White Draconian Berserker on Nov 11, 2020.
             Was an Elder of Trog.
             Slain by Harold
             ... wielding a +0 short sword of draining
              (8 damage)
             ... on level 7 of the Dungeon on Nov 12, 2020.
             The game lasted 00:07:27 (7038 turns).

Kinoniko the Basher (White Draconian Berserker)     Turns: 7038, Time: 00:07:27

Health: -2/105     AC:  9    Str: 23    XL:     9   Next: 40%
Magic:  9/9        EV: 11    Int:  7    God:    Trog [****..]
Gold:   261        SH:  0    Dex: 11    Spells: 8/8 levels left

rFire    . . .     SeeInvis .   C - +0 battleaxe
rCold    + . .     Faith    .   (shield currently unavailable)
rNeg     . . .     Spirit   .   (armour unavailable)
rPois    .         Reflect  .   (helmet restricted)
rElec    .         Harm     .   (no cloak)
rCorr    .         Rampage  .   j - +0 pair of gloves
MR       .....                  p - +0 pair of boots
Stlth    ..........             (no amulet)
HPRegen  0.27/turn              (no ring)
MPRegen  0.11/turn              (no ring)

@: berserking, heavily drained, very quick
A: breathe frost, unfitting armour, cold resistance 1, cold-blooded, AC +7
a: Breathe Frost, Berserk, Trog's Hand, Brothers in Arms, Renounce Religion


You were on level 7 of the Dungeon.
You worshipped Trog.
Trog was greatly pleased with you.
You visited 1 branch of the dungeon, and saw 7 of its levels.

You collected 261 gold pieces.

Inventory:

Hand Weapons
 y - a +0 whip of flaming
 C - a +0 battleaxe (weapon)
Armour
 j - a +0 pair of gloves (worn)
 p - a +0 pair of boots (worn)
Jewellery
 F - a +4 ring of protection
Wands
 a - a wand of disintegration (11)
 s - a wand of polymorph (5)
Scrolls
 e - 2 scrolls of enchant weapon {unknown}
 h - 6 scrolls of teleportation {unknown}
 l - 7 scrolls of identify {unknown}
 m - a scroll of random uselessness {unknown}
 o - a scroll of amnesia {unknown}
 q - 4 scrolls of enchant armour {unknown}
 r - 3 scrolls of immolation {unknown}
 u - 5 scrolls of remove curse
 v - 3 scrolls of fear {unknown}
 w - a scroll of fog {unknown}
 D - a scroll of noise {unknown}
 G - a scroll of magic mapping {unknown}
Potions
 b - 3 potions of flight {unknown}
 c - 3 potions of might {unknown}
 d - 5 potions of lignification {unknown}
 f - a potion of haste {unknown}
 g - 2 potions of magic {unknown}
 i - 5 potions of curing {unknown}
 k - 3 potions of resistance {unknown}
 n - 2 potions of heal wounds {unknown}
 t - a potion of attraction {unknown}
 x - a potion of ambrosia {unknown}
 z - 3 potions of degeneration {unknown}
 A - a potion of berserk rage {unknown}
 B - 2 potions of cancellation {unknown}
 E - a potion of brilliance {unknown}


   Skills:
 - Level 3.2(0.7) Fighting
 * Level 9.0(7.7) Axes
 - Level 9.8(8.0) Maces & Flails
 - Level 2.6(0.1) Dodging


You had 8 spell levels left.
You didn't know any spells.
Your spell library contained the following spells:

 Spells                   Type           Power        Failure   Level
 Freeze                   Ice            #...         43%         1
 Frozen Ramparts          Ice            #.....       80%         3
 Ozocubu's Armour         Ice            #.......     80%         3
 Hailstorm                Conj/Ice       #.......     99%         4
 Summon Ice Beast         Ice/Summ       #.......     99%         4


Dungeon Overview and Level Annotations

Branches:
Dungeon (7/15)             Temple (0/1) D:6

Altars:
Fedhas
Gozag
Hepliaklqana
Sif Muna
Trog
Vehumet
Xom
Yredelemnul
Zin

Annotations:
D:6 1 runed translucent door, Perttuleena's ghost, novice FoGl
D:7 Harold


Innate Abilities, Weirdness & Mutations

You can breathe waves of freezing cold.
You can buffet flying creatures when you breathe cold.
Your icy white scales are hard. (AC +7)
You cannot fit into any form of body armour.
Your flesh is cold resistant. (rC+)
You are cold-blooded and may be slowed by cold attacks.


Message History

Harold is severely wounded.
Harold hits you with a +0 short sword of draining.
* * * LOW HITPOINT WARNING * * *
You feel drained.
* * * LOW HITPOINT WARNING * * *
You barely miss Harold.
Harold is severely wounded.
Harold barely misses you.
You closely miss Harold.
Harold is severely wounded.
Unknown command.
You slash Harold!
Harold is severely wounded.
Harold hits you but does no damage.
You feel drained.
You barely miss Harold.
Harold is severely wounded.
Harold hits you with a +0 short sword of draining!
* * * LOW HITPOINT WARNING * * *
You feel drained.
You die...

#################....≈≈≈≈..
###..≈≈≈≈PP ###...≈≈≈≈.
###...#.≈≈≈≈≈
###........≈≈≈≈
###...........≈≈≈
###........(......≈
#..............#...
.......@.......#... #
.......@)........ ##
................. .#
.......$......... .##
............... #.##
#.)............ #..##
#.............. ##..#
#.............. ##.##


You could see Harold.

Vanquished Creatures
  Prince Ribbit (D:5)
  A shadow (D:7)
  3 sky beasts
  2 ice beasts (D:7)
  A necrophage (D:7)
  3 ogres
  3 phantoms
  A centaur (D:7)
  2 bullfrogs (D:7)
  A scorpion (D:2)
  5 wights (D:6)
  A jelly (D:7)
  3 hounds (D:7)
  2 orc priests
  3 orc wizards
  2 centaur skeletons
  Jessica (D:3)
  Ijyb (D:3)
  Natasha (twice) (D:4)
  3 iguanas
  5 worker ants
  7 gnolls
  6 adders
  A shadow imp (D:5)
  A white imp (D:5)
  2 ufetubi
  An ooze (D:2)
  An adder skeleton (D:4)
  A worm (D:4)
  3 dart slugs
  A leopard gecko (D:1)
  16 orcs
  A ball python (D:3)
  4 bats
  3 giant cockroaches
  5 goblins
  6 hobgoblins
  17 jackals
  A quokka (D:7)
  A frilled lizard (D:5)
  8 kobolds
  5 rats
  A spectral orc (D:6)
138 creatures vanquished.

Vanquished Creatures (others)
  7 plants
7 creatures vanquished.

Grand Total: 145 creatures vanquished

Notes
Turn   | Place    | Note
-------+----------+-------------------------------------------
     0 | D:1      | Kinoniko the Draconian Berserker began the quest for the
                  | Orb.
     0 | D:1      | Reached XP level 1. HP: 19/19 MP: 1/1
    62 | D:1      | Reached XP level 2. HP: 26/26 MP: 2/2
   460 | D:1      | Reached skill level 1 in Maces & Flails
   460 | D:1      | Reached XP level 3. HP: 30/31 MP: 3/3
   639 | D:2      | Reached ** piety under Trog
   924 | D:2      | Noticed a scorpion
   930 | D:2      | Killed a scorpion
   930 | D:2      | Reached XP level 4. HP: 38/38 MP: 4/4
  1447 | D:3      | Noticed Ijyb
  1454 | D:3      | Killed Ijyb
  1454 | D:3      | Reached XP level 5. HP: 45/45 MP: 5/5
  1841 | D:3      | Noticed Jessica
  1863 | D:3      | Killed Jessica
  2567 | D:4      | Found a blossoming altar of Fedhas.
  2567 | D:4      | Found a hazy altar of Hepliaklqana.
  2568 | D:4      | Found an opulent altar of Gozag.
  2579 | D:4      | Noticed a phantom
  2592 | D:4      | Killed a phantom
  2592 | D:4      | Reached skill level 5 in Maces & Flails
  2592 | D:4      | Reached XP level 6. HP: 51/51 MP: 6/6
  2923 | D:4      | Noticed Natasha
  2928 | D:4      | Killed Natasha
  3025 | D:4      | Noticed Natasha
  3031 | D:4      | Killed Natasha
  3031 | D:4      | Reached *** piety under Trog
  3207 | D:4      | Your scales start taking on an icy white colour.
  3207 | D:4      | Reached XP level 7. HP: 45/57 MP: 7/7
  3207 | D:4      | Gained mutation: Your flesh is cold resistant. (rC+) [White
                  | Draconian growth]
  3406 | D:4      | Found a sparkling altar of Nemelex Xobeh.
  3408 | D:4      | Found a white marble altar of Elyvilon.
  3408 | D:4      | Found a shimmering altar of Xom.
  3410 | D:4      | Found a shimmering blue altar of Sif Muna.
  3410 | D:4      | Found a radiant altar of Vehumet.
  3410 | D:4      | Found a bloodstained altar of Trog.
  3965 | D:5      | Entered Level 5 of the Dungeon
  4168 | D:5      | Noticed Prince Ribbit
  4194 | D:5      | Killed Prince Ribbit
  4347 | D:5      | Reached XP level 8. HP: 63/63 MP: 8/8
  4801 | D:6      | Identified the Almanac of Ignition and Lightness
  5062 | D:6      | Found a basalt altar of Yredelemnul.
  5151 | D:6      | Found a runed translucent door.
  5257 | D:6      | Noticed Perttuleena's ghost (novice FoGl)
  5435 | D:6      | Reached skill level 5 in Axes
  5600 | D:6      | Found a staircase to the Ecumenical Temple.
  5768 | D:6      | Found a glowing silver altar of Zin.
  6125 | D:7      | Reached XP level 9. HP: 70/70 MP: 9/9
  6536 | D:7      | Reached **** piety under Trog
  7022 | D:7      | Noticed Harold
  7038 | D:7      | Slain by Harold

Illustrated notes

Levels and vault maps discovered:
D:1:      eino_arrival_tree_alley, layout_rooms
D:2:      layout_rooms, minmay_strange_pillars, corexii_shack
D:3:      layout_loops_corners, glass_columns_b, uniq_jessica, uniq_ijyb
D:4:      layout_loops_ring, gammafunk_temple_overflow_claw,
          doesnt_xom_only_xom, uniq_natasha
D:5:      layout_gridville, uniq_prince_ribbit1
D:6:      layout_gridville, yredelemnul_forgotten_temple_becter,
          lemuel_coloured_pillars_altar, minmay_temple_entry_purple_smoke,
          ebering_ghost_reflecting_pool
D:7:      wad_guarded_room, layout_cave_pods, fedhas_ov_isle_minmay,
          uniq_harold, uniq_duvessa

Skill      XL: |  1  2  3  4  5  6  7  8  9 |
---------------+----------------------------+-----
Axes           | 4 7 9 |  9.0
Maces & Flails | 1 3 5 7 9 |  9.8
Fighting       | |  3.2
Dodging        | |  2.6

Action                   |  1- 3 |  4- 6 |  7- 9 || total
-------------------------+-------+-------+-------++-------
Melee: Hand axe          |    95 |    92 |       ||   187
       Tailslap          |    10 |    15 |    29 ||    54
       Whip              |       |    36 |    94 ||   130
       Battleaxe         |       |       |   133 ||   133
Invok: Berserk           |     4 |     7 |    16 ||    27
       Trog's Hand       |       |     1 |       ||     1
  Use: Scroll            |     1 |       |       ||     1
Armor: Skin              |    38 |    34 |    53 ||   125
Dodge: Dodged            |    71 |    62 |   118 ||   251

Table legend: (Time is in decaauts)
 A = Elapsed time spent in this place.
 B = Non-inter-level travel time spent in this place.
 C = Inter-level travel time spent in this place.
 D = Time resting spent in this place.
 E = Time spent auto-exploring this place.
 F = Levels seen in this place.
 G = Mean time per level.
                   A        B        C        D        E       F      G
               +--------+--------+--------+--------+--------+-----+--------+
         Total |   7267 |   6723 |    544 |   1662 |   4089 |   7 | 1038.1 |
       Dungeon |   7267 |   6723 |    544 |   1662 |   4089 |   7 | 1038.1 |
               +--------+--------+--------+--------+--------+-----+--------+

Top non-repeatable levels by time:
     D:4: 1539 daAuts
     D:6: 1340 daAuts
     D:3: 1246 daAuts
     D:7: 1023 daAuts
     D:5: 824 daAuts
     D:1: 650 daAuts
     D:2: 643 daAuts
